 Dungeon Crawl Stone Soup version 0.28.0-43-g3370ac3207 (webtiles) character file.

Game seed: 14290183865276064866

62607 pkoi the Severer (level 15, -5/147 HPs)
             Began as a Hill Orc Gladiator on Mar 22, 2022.
             Was an Elder of Qazlal.
             Slain by Snorg (6 damage)
             ... on level 12 of the Dungeon.
             The game lasted 00:26:54 (28112 turns).

pkoi the Severer (Hill Orc Gladiator)              Turns: 28112, Time: 00:26:56

Health: -5/147     AC: 18    Str: 31    XL:     15   Next: 6%
Magic:  27/27      EV:  7    Int:  8    God:    Qazlal [****..]
Gold:   1378       SH:  5    Dex: 12    Spells: 14/14 levels left

rFire   + . .      SeeInvis .   M - +2 battleaxe
rCold   . . .      Faith    .   (shield currently unavailable)
rNeg    + + .      Spirit   .   b - +1 plate armour {rF+}
rPois   .          Reflect  .   c - +1 helmet
rElec   .          Harm     .   (no cloak)
rCorr   .          Rampage  .   (no gloves)
Will    +....                   (no boots)
Stlth   ..........              (no amulet)
HPRegen 0.34/turn               C - ring "Ukamamuu" {rN++ Str+6}
MPRegen 0.20/turn               p - ring of flight

@: grasped by roots, flying, constricted, studying Fighting, repel missiles
A: no striking features
a: Renounce Religion, Upheaval, Elemental Force


You were on level 12 of the Dungeon.
You worshipped Qazlal.
Qazlal was greatly pleased with you.
You visited 3 branches of the dungeon, and saw 19 of its levels.
You also visited: Bailey.

You collected 1888 gold pieces.
You spent 510 gold pieces at shops.

Inventory:

Hand Weapons
 a - a +1 spectral war axe
 w - the +12 war axe "Vug Poda" {freeze, rElec rC+++ Str-2 Dex-2}
   (You bought it in a shop on level 9 of the Dungeon)

   It freezes those it strikes, dealing additional cold damage.
   It can also slow down cold-blooded creatures.
   Str:       It affects your strength (-2).
   Dex:       It affects your dexterity (-2).
   rC:        It renders you almost immune to cold.
   rElec:     It insulates you from electricity.
 M - a +2 battleaxe (weapon)
Missiles
 d - 3 throwing nets (quivered)
 s - 43 boomerangs
 H - 5 curare-tipped darts
 L - 5 boomerangs of dispersal
Armour
 b - a +1 plate armour of fire resistance (worn)
 c - a +1 helmet (worn)
Jewellery
 e - a ring of wizardry
 l - a +4 ring of evasion
 p - a ring of flight (right hand)
 A - an amulet of faith
 C - the ring "Ukamamuu" (left hand) {rN++ Str+6}
   (You found it on level 10 of the Dungeon)

   [ring of strength]

   Str:       It affects your strength (+6).
   rN:        It greatly protects you from negative energy.
 I - a ring of positive energy
Wands
 q - a wand of acid (22)
 B - a wand of iceblast (10)
 D - a wand of polymorph (2)
 E - a wand of flame (36)
 J - a wand of paralysis (4)
 O - a wand of digging (4)
Scrolls
 h - 3 scrolls of enchant weapon
 j - 5 scrolls of teleportation
 k - 5 scrolls of blinking
 m - 17 scrolls of identify
 o - 2 scrolls of immolation
 r - 2 scrolls of fog
 y - a scroll of summoning
 F - 5 scrolls of magic mapping
 G - 3 scrolls of holy word
 N - 2 scrolls of fear
Potions
 f - 7 potions of flight
 g - 9 potions of curing
 i - 3 potions of ambrosia
 n - 2 potions of might
 t - a potion of berserk rage
 u - 3 potions of resistance
 v - 2 potions of haste
 x - 4 potions of cancellation
 z - a potion of brilliance
 P - a potion of magic {unknown}
Miscellaneous
 K - a phial of floods


   Skills:
 + Level 17.0 Fighting
 + Level 18.3 Axes
 - Level 1.7 Throwing
 + Level 10.1 Armour
 + Level 5.6 Dodging
 + Level 16.7 Invocations
 + Level 9.7 Evocations


You had 14 spell levels left.
You didn't know any spells.
Your spell library contained the following spells:

 Spells                   Type           Power      Damage    Failure   Level
 Animate Skeleton         Necr           0%         N/A       96%         1
 Apportation              Tloc           0%         N/A       96%         1
 Summon Small Mammal      Summ           0%         N/A       96%         1
 Static Discharge         Conj/Air       0%         N/A       99%         2
 Sublimation of Blood     Necr           0%         N/A       99%         2
 Wereblood                Tmut           0%         N/A       99%         2
 Leda's Liquefaction      Hex/Erth       0%         N/A       100%        4
 Alistair's Intoxication  Tmut/Pois      0%         N/A       100%        5
 Fireball                 Conj/Fire      0%         3d3       100%        5
 Lee's Rapid Deconstruct  Erth           0%         3d5*      100%        5
 Lightning Bolt           Conj/Air       0%         1d11      100%        5
 Starburst                Conj/Fire      0%         6d3       100%        6
 Statue Form              Tmut/Erth      0%         N/A       100%        6
 Malign Gateway           Summ/Tloc      0%         N/A       100%        7
 Summon Hydra             Summ           0%         N/A       100%        7
 Ignition                 Fire           0%         3d3       100%        8
 Maxwell's Capacitive Co  Air            0%         ∞         100%        8
 Summon Horrible Things   Summ           0%         N/A       100%        8


Dungeon Overview and Level Annotations

Branches:
Dungeon (12/15)            Temple (1/1) D:4            Lair (6/6) D:8
  Swamp (0/4) Lair:3       Spider (0/4) Lair:4        Slime (0/5) Lair:6
    Orc (0/2) D:10         Bailey (visited)

Altars:
Ashenzari
Cheibriados
Dithmenos
Elyvilon
Fedhas
Gozag
Hepliaklqana
Kikubaaqudgha
Makhleb
Nemelex Xobeh
Okawaru
Qazlal
Ru
Sif Muna
Trog
Uskayaw
Vehumet
Wu Jian
Xom
Yredelemnul
Zin
The Shining One
Beogh

Shops:
D:1 *   D:9 (?:(

Annotations:
D:12 Jorgrun; Snorg
Lair:6 3 runed translucent doors, bnorton916's ghost, journeyman BaIE


Message History

Snorg bites you but does no damage. You block Snorg's attack. Snorg claws you!
* * * LOW HITPOINT WARNING * * *
You hit Snorg.
Snorg is severely wounded.
You block Snorg's attack. Snorg claws you!
* * * LOW HITPOINT WARNING * * *
Snorg closely misses you.
Some rock shatters into small pieces.
Snorg misses you. You block Snorg's attack. Snorg claws you!
* * * LOW HITPOINT WARNING * * *
Jorgrun Earthshaker comes into view.
He is wielding a +0 vorpal quarterstaff.
You slash Snorg!
Snorg is severely wounded.
Snorg misses you. Snorg claws you!
* * * LOW HITPOINT WARNING * * *
Snorg claws you!
* * * LOW HITPOINT WARNING * * *
Unknown command.
Aiming: Upheaval
Press: ? - help, Dir - move target, f - Jorgrun
Aim: Jorgrun, wielding a +0 vorpal quarterstaff and wearing a +0 robe
Okay, then.
Unknown command.
Aiming: Corrosive Bolt
Press: ? - help, Shift-Dir - straight line, f - Jorgrun
Aim: Jorgrun, wielding a +0 vorpal quarterstaff and wearing a +0 robe (57% to hit)
The bolt of acid hits Snorg!!
The acid corrodes Snorg!
Snorg is almost dead.
The bolt of acid misses Jorgrun.
Snorg bites you.
* * * LOW HITPOINT WARNING * * *
Snorg claws you but does no damage. x2
Jorgrun says, "I've ne'er se'n tha particular type o' rock formation 'fore."
Jorgrun points at you and mumbles some strange words.
Roots burst forth from the earth!
The grasping roots grab you! The grasping roots constrict you!
* * * LOW HITPOINT WARNING * * *
Snorg bites you!
* * * LOW HITPOINT WARNING * * *
Snorg claws you.
You die...

####..###.............
..#.....#.....>.......
..#.....#.............
..##...##.............
..##...#.....#'#######
...#...'.....#....# #
...'...#.....#.☼☼.# .#
####'###.....##..## .#
.###.#
###....#.@##..##..
..#..#
#....#.°T.......
..#..# ..>.#°°........
.##..# ....#..........
.##..##..#
...#####.g##..
..'......# ##.# .
'##......+ ...
..#####..# ...
......#### ..


You could see Jorgrun and Snorg (berserk, corroded).

Vanquished Creatures
  Frances (D:12)
  The ghost of pkoi the Brawler, a journeyman DrMo of Hepliaklqana (D:11)
  Azrael (D:12)
  5 hydras
  A two-headed ogre (D:10)
  A death knight (D:11)
  7 death yaks
  Sonja (Lair:4)
  A skeletal warrior (D:11)
  A goliath frog (Lair:6)
  3 bog bodies (Lair:3)
  A phantasmal warrior (D:11)
  2 oklob plants (Lair:6)
  A deep elf pyromancer (D:12)
  An ugly thing (D:12)
  A manticore (D:12)
  A cyclops (D:12)
  7 black mambas
  20 cane toads
  A rime drake (Lair:3)
  A freezing wraith (D:11)
  13 komodo dragons
  A troll (D:12)
  A meliai (Lair:4)
  A polar bear (Lair:5)
  3 tyrant leeches (Lair:6)
  5 slime creatures (D:12)
  A hornet (D:9)
  Prince Ribbit (D:5)
  26 blink frogs
  A vampire (D:9)
  3 wraiths
  2 shadows
  4 wyverns
  66 yaks
  Eustachio (D:5)
  3 fire elementals
  3 basilisks
  3 steam dragons
  16 vampire mosquitoes
  A swamp worm (Lair:3)
  An acid dragon (D:6)
  A hell hound (D:12)
  13 water moccasins
  3 ice beasts
  11 orc warriors
  4 sky beasts
  The ghost of pkoi the Slasher, an amateur HOMo (D:3)
  A black bear (Lair:3)
  4 ogres
  22 wolves
  11 centaurs
  2 phantoms
  29 bullfrogs
  A gnoll sergeant (D:9)
  2 scorpions
  A wyvern skeleton (D:7)
  A wyvern zombie (D:7)
  A water moccasin skeleton (D:4)
  10 killer bees
  A howler monkey (D:11)
  8 wights
  5 electric eels
  A bullfrog zombie (D:3)
  4 centaur zombies
  3 jellies
  8 orc priests
  A gnoll shaman (D:6)
  A bullfrog skeleton (D:3)
  A hound (D:4)
  Jessica (D:2)
  An iguana (D:4)
  7 orc wizards
  9 hell rats
  Robin (D:2)
  2 howler monkey zombies
  10 gnolls
  A howler monkey skeleton (D:6)
  9 adders
  2 river rats (D:5)
  An ufetubus (D:6)
  2 dart slugs
  38 orcs
  7 ball pythons
  3 bats
  8 endoplasms
  8 giant cockroaches
  19 goblins
  12 hobgoblins
  3 jackals (D:2)
  12 kobolds
  5 quokkas
  5 frilled lizards
  7 rats
539 creatures vanquished.

Vanquished Creatures (collateral kills)
  Rupert (Lair:4)
1 creature vanquished.

Vanquished Creatures (others)
  Sigmund (D:5)
  4 bushes (Lair:6)
  27 fungi
  189 plants
221 creatures vanquished.

Grand Total: 761 creatures vanquished

Notes
Turn   | Place    | Note
-------+----------+-------------------------------------------
     0 | D:1      | pkoi the Hill Orc Gladiator began the quest for the Orb.
     0 | D:1      | Reached XP level 1. HP: 18/18 MP: 1/1
   114 | D:1      | Reached XP level 2. HP: 5/25 MP: 2/2
   459 | D:1      | Found Horedana's Assorted Antiques.
   478 | D:1      | Reached skill level 5 in Axes
   732 | D:1      | Reached XP level 3. HP: 31/31 MP: 3/3
  1242 | D:2      | Noticed Robin
  1273 | D:2      | Reached XP level 4. HP: 3/38 MP: 4/4
  1277 | D:2      | Killed Robin
  1666 | D:2      | Reached skill level 6 in Axes
  1767 | D:2      | Noticed Jessica
  1772 | D:2      | Killed Jessica
  1910 | D:2      | Reached XP level 5. HP: 28/46 MP: 5/5
  2396 | D:2      | Found a faded altar of an unknown god.
  2601 | D:3      | Found a runed translucent gate.
  2601 | D:3      | Found a runed translucent gate.
  2601 | D:3      | Found a runed translucent gate.
  2604 | D:3      | Noticed pkoi's ghost (amateur HOMo)
  2678 | D:3      | Found an iron altar of Okawaru.
  3471 | D:4      | Found a white marble altar of Elyvilon.
  3495 | D:4      | Reached skill level 7 in Axes
  3934 | D:4      | Reached XP level 6. HP: 46/53 MP: 6/6
  4185 | D:4      | Identified the +1 mace "Giugas" {antimagic, Dex+5}
  4295 | D:4      | Found a staircase to the Ecumenical Temple.
  4302 | D:4      | Reached skill level 8 in Axes
  4309 | Temple   | Entered the Ecumenical Temple
  4530 | D:4      | Reached skill level 5 in Fighting
  4855 | D:4      | Reached XP level 7. HP: 61/61 MP: 7/7
  5000 | D:5      | Entered Level 5 of the Dungeon
  5014 | D:5      | Noticed Eustachio
  5322 | D:5      | Killed Eustachio
  5323 | D:5      | Reached skill level 9 in Axes
  5602 | D:5      | Noticed Sigmund
  5617 | D:5      | Killed Sigmund
  5824 | D:5      | Found a stormy altar of Qazlal.
  5824 | D:5      | Found a burning altar of Makhleb.
  5824 | D:5      | Found a hide-covered altar of Uskayaw.
  5843 | D:5      | Reached skill level 10 in Axes
  5843 | D:5      | Reached XP level 8. HP: 63/71 MP: 8/8
  5855 | D:5      | Became a worshipper of Qazlal Stormbringer
  6261 | D:5      | Noticed Prince Ribbit
  6272 | D:5      | Killed Prince Ribbit
  6273 | D:5      | Reached skill level 1 in Armour
  6273 | D:5      | Reached skill level 1 in Evocations
  6419 | D:5      | HP: 1/71 [orc priest/+0 dagger (5)]
  6794 | D:5      | Found an ornate altar of the Wu Jian Council.
  6794 | D:5      | Found a shadowy altar of Dithmenos.
  7347 | D:6      | Identified a scroll of acquirement
  7347 | D:6      | Acquired a manual of Fighting
  7511 | D:6      | Reached skill level 11 in Axes
  7821 | D:6      | Reached XP level 9. HP: 60/80 MP: 12/12
  8247 | D:6      | Reached skill level 5 in Invocations
  8409 | D:6      | Reached * piety under Qazlal
  8953 | D:7      | Found a shimmering blue altar of Sif Muna.
  9061 | D:7      | Reached skill level 12 in Axes
  9222 | D:8      | Found a staircase to the Lair.
  9791 | D:8      | Reached XP level 10. HP: 91/91 MP: 15/15
 10485 | D:9      | Found a flagged portal.
 10492 | D:9      | Reached ** piety under Qazlal
 10504 | Bailey   | Entered a bailey
 10542 | Bailey   | Reached skill level 13 in Axes
 10561 | Bailey   | HP: 3/93 [orc warrior/+0 battleaxe (18)]
 11164 | Bailey   | Reached skill level 10 in Fighting
 11645 | D:9      | Found Umel's Antique Weapon Emporium.
 11654 | D:9      | Bought a dazzling war axe for 212 gold pieces
 11654 | D:9      | Identified the +12 war axe "Vug Poda" {freeze, rElec rC+++
                  | Str-2 Dex-2} (You bought it in a shop on level 9 of the
                  | Dungeon)
 11664 | D:9      | Reached skill level 5 in Armour
 11771 | D:9      | Found a basalt altar of Yredelemnul.
 11781 | D:9      | Found a glowing golden altar of the Shining One.
 11784 | D:9      | Noticed an angel
 11796 | D:9      | Found Xetu's Magic Scroll Shoppe.
 12076 | D:9      | Bought a scroll of blinking for 82 gold pieces
 12078 | D:9      | Found Dedot's Antique Weapon Shop.
 12340 | D:9      | Found Dainaer's Book Shop.
 12659 | D:1      | Bought a shimmering scale mail for 216 gold pieces
 12659 | D:1      | Identified the +2 scale mail of Xoziw {rC+ MP+9 Str+3
                  | Slay-2} (You bought it in a shop on level 1 of the Dungeon)
 12901 | D:10     | Entered Level 10 of the Dungeon
 12908 | D:10     | Reached skill level 5 in Evocations
 12914 | D:9      | Reached *** piety under Qazlal
 12915 | D:9      | Reached XP level 11. HP: 53/101 MP: 18/18
 13113 | D:10     | Reached skill level 14 in Axes
 13121 | D:10     | Reached skill level 10 in Invocations
 13370 | D:10     | Noticed a two-headed ogre
 13378 | D:10     | Killed a two-headed ogre
 13602 | D:10     | Identified the ring "Ukamamuu" {rN++ Str+6}
 14016 | D:10     | Found a staircase to the Orcish Mines.
 14183 | D:11     | Noticed a six-headed hydra
 14481 | D:11     | Killed a ten-headed hydra
 14647 | D:11     | Noticed a hell knight
 14684 | D:11     | Noticed a phantasmal warrior
 14685 | D:11     | Noticed a skeletal warrior
 14685 | D:11     | Noticed a death knight
 14699 | D:11     | Reached skill level 15 in Axes
 15149 | Lair:1   | Entered Level 1 of the Lair of Beasts
 15362 | Lair:1   | Reached XP level 12. HP: 105/112 MP: 20/20
 15390 | Lair:1   | Reached **** piety under Qazlal
 16511 | Lair:2   | Noticed a six-headed hydra
 16515 | Lair:2   | Killed a six-headed hydra
 16697 | Lair:2   | Reached skill level 16 in Axes
 17304 | Lair:3   | Identified the +2 robe of Hopeudi {+Inv rC+}
 18175 | Lair:3   | Reached XP level 13. HP: 97/123 MP: 23/23
 18187 | Lair:3   | Found a staircase to the Swamp.
 18601 | Lair:4   | Noticed Rupert
 18609 | Lair:4   | Killed Rupert
 19127 | Lair:4   | Found a hole to the Spider Nest.
 19151 | Lair:4   | Noticed Sonja
 19152 | Lair:4   | Killed Sonja
 19209 | Lair:4   | Reached skill level 17 in Axes
 19288 | Lair:4   | Found a sparkling altar of Nemelex Xobeh.
 20850 | Lair:5   | Reached skill level 15 in Invocations
 21267 | Lair:6   | Entered Level 6 of the Lair of Beasts
 21277 | Lair:6   | Reached skill level 15 in Fighting
 22023 | Lair:6   | Reached XP level 14. HP: 114/135 MP: 25/25
 22464 | Lair:6   | Reached ***** piety under Qazlal
 23960 | Lair:6   | Reached skill level 18 in Axes
 23973 | Lair:6   | Found a runed translucent gate.
 23973 | Lair:6   | Found a runed translucent gate.
 23973 | Lair:6   | Found a runed translucent gate.
 23974 | Lair:6   | Noticed bnorton916's ghost (journeyman BaIE)
 24136 | Lair:6   | Identified the +8 arbalest of Fabulous Innocence {elec,
                  | *Corrode rPois Str+6 Int+4}
 24247 | Lair:6   | Reached skill level 5 in Dodging
 24250 | Lair:6   | Found a staircase to the Slime Pits.
 25242 | D:3      | Killed pkoi's ghost
 26130 | D:11     | Noticed pkoi's ghost (journeyman DrMo)
 26132 | D:11     | Found a runed translucent gate.
 26133 | D:11     | Found a runed translucent gate.
 26134 | D:11     | Found a runed translucent gate.
 26431 | D:11     | Found a roughly hewn altar of Beogh.
 26452 | D:11     | Killed pkoi's ghost
 26706 | D:11     | Identified the +2 pair of gloves of Defence {Harm rC- Int+8
                  | Slay-4}
 26736 | D:12     | Noticed Azrael
 26749 | D:12     | Killed Azrael
 27807 | D:12     | Reached skill level 10 in Armour
 27843 | D:12     | Reached XP level 15. HP: 138/146 MP: 27/27
 27986 | D:12     | Noticed Frances
 27993 | D:12     | Killed Frances
 28101 | D:12     | Noticed Snorg
 28110 | D:12     | Noticed Jorgrun
 28112 | D:12     | HP: 1/147 [Snorg (13)]
 28112 | D:12     | Slain by Snorg

Illustrated notes

Levels and vault maps discovered:
D:1:      dpeg_arrival_pond, layout_loops_cross, serial_shops,
          nicolae_square_shop, nicolae_concentric_dashed_squares_mild,
          minmay_misc_feat_enclosed
D:2:      layout_rooms, shapermc_ecumenical_altar_hornbeckon, uniq_robin,
          uniq_jessica
D:3:      layout_loops_ring, mainiacjoe_overflow_six_doors_small,
          gammafunk_ghost_necromancy, serial_aquarium, aquarium_bridge_square
          [aquarium_subvault_wall, aquarium_subvault_balcony,
          aquarium_subvault_bridge, aquarium_subvault_wall],
          aquarium_bridge_long_separate [aquarium_subvault_window,
          aquarium_subvault_wall, aquarium_subvault_bridge,
          aquarium_subvault_bridge, aquarium_subvault_wall,
          aquarium_subvault_bridge], aquarium_window_2, aquarium_window_fake,
          aquarium_view_2b, aquarium_balcony_double_4
D:4:      layout_loops_ring, elyvilon_altar_3, minmay_temple_entry_grid,
          minmay_misc_feat_room, hangedman_decor_push
D:5:      layout_loops_ring, gammafunk_temple_overflow_claw,
          gammafunk_temple_overflow_elements, gup_sewer_entry_spiral,
          uniq_eustachio, uniq_sigmund, uniq_prince_ribbit1
D:6:      layout_gridville, supply_closet_lemuel, serial_bayou_crossing
D:7:      layout_rooms, mainiacjoe_overflow_tiny_flanked,
          kennysheep_generic_room_14
D:8:      layout_cave_pools, lair_entry_dummy
D:9:      layout_basic, grunt_temple_overflow_holy_war, serial_shops,
          nicolae_inconvenience_store, shop, shop, shop, enter_bailey_5,
          st_stairs_11
D:10:     layout_gridville, orc_0_dummy, hangedman_misty_isle
D:11:     layout_cave_pools, biasface_ghost_orc_armoury, serial_ice,
          serial_ice_m, serial_ice_e, serial_ice_a, serial_ice_b, serial_ice_h,
          serial_ice_j, serial_ice_n, serial_ice_c,
          portal_ice_cave_entry_pillars_2, kennysheep_cross_bottleneck,
          wad_dig_loot
D:12:     layout_gridville, uniq_frances, uniq_snorg, uniq_jorgrun, uniq_azrael
Temple:   hc_temple_tempest_star
Lair:1:   layout_cave_pods, grunt_megastairs_3
Lair:2:   layout_chaotic_city
Lair:3:   layout_chaotic_city, nicolae_swamp_entry_splash_gauntlet
Lair:4:   layout_cellular_growth, hellmonk_spider_entry_not_the_bees,
          lemuel_centaur_altar, infiniplex_staircase_pool, uniq_rupert,
          uniq_sonja
Lair:5:   layout_long_grid, serial_bayou_lake_a
Lair:6:   minmay_lair_end_frog_pond, layout_gridlike,
          minmay_slime_entry_oklob_enclosed, serial_forest,
          infiniplex_forest_end_3, infiniplex_forest_clump_medium,
          infiniplex_forest_corner_1, infiniplex_forest_join,
          infiniplex_forest_lined_room_2, infiniplex_forest_fountain,
          infiniplex_forest_end_1, infiniplex_forest_clump_diagonal,
          infiniplex_forest_lined_2, gammafunk_ghost_hydra_chop

Skill      XL: |  1  2  3  4  5  6  7  8  9 10 11 12 13 14 15 |
---------------+----------------------------------------------+-----
Fighting       | 3 4 5 6 7 9 10 12 13 15 16 17 | 17.0
Axes           | 5 6 7 8 10 11 12 13 15 16 17 18 | 18.3
Armour         | 2 4 5 6 8 9 10 | 10.1
Invocations    | 4 7 9 11 13 15 16 | 16.7
Evocations     | 2 3 5 6 7 8 9 |  9.7
Dodging        | 4 5 |  5.6
Throwing       | |  1.7

Action                   |  1- 3 |  4- 6 |  7- 9 | 10-12 | 13-15 || total
-------------------------+-------+-------+-------+-------+-------++-------
Melee: War axe           |    92 |   140 |   202 |   409 |   358 ||  1201
       Punch             |     1 |     1 |     2 |     3 |     8 ||    15
       Mace              |       |       |     9 |       |       ||     9
       Battleaxe         |       |       |       |       |   139 ||   139
Invok: Upheaval          |       |       |       |     3 |    15 ||    18
       Elemental Force   |       |       |       |       |     1 ||     1
Evoke: Wand              |       |       |     2 |       |     6 ||     8
  Use: Potion            |       |     2 |     3 |     2 |       ||     7
       Scroll            |       |       |    19 |     4 |       ||    23
 Stab: Sleeping          |     3 |     1 |     1 |       |       ||     5
       Distracted        |       |       |     2 |       |       ||     2
Armor: Leather armour    |    18 |    34 |    34 |       |       ||    86
       Skin              |       |     4 |       |       |       ||     4
       Plate armour      |       |       |    41 |   192 |   239 ||   472
Dodge: Dodged            |    71 |   104 |   125 |   127 |   192 ||   619
       Repelled          |       |       |       |     1 |     5 ||     6
Block: Other             |       |       |     4 |    54 |   123 ||   181
